 Dungeon Crawl Stone Soup version 0.29-a0-520-gc852659d43 (console) character file.

Game seed: 17601236277598539816

241 om the Vexing (level 5, 0/28 HPs)
             Began as a Vampire Enchanter on May 31, 2022.
             Slain by a rat (3 damage)
             ... summoned by Eustachio
             ... on level 4 of the Dungeon.
             The game lasted 00:10:33 (4540 turns).

om the Vexing (Vampire Enchanter)                   Turns: 4540, Time: 00:10:33

Health: 0/28       AC:  3    Str:  9    XL:     5   Next: 80%
Magic:  3/10       EV: 13    Int: 17    God:
Gold:   155        SH:  0    Dex: 15    Spells: 3/11 levels left

rFire   . . .      SeeInvis +   a - +1 dagger
rCold   + + .      Faith    .   (no shield)
rNeg    + + +      Spirit   .   b - +0 robe
rPois   ∞          Reflect  .   (no helmet)
rElec   .          Harm     .   (no cloak)
rCorr   .          Rampage  .   t - +0 pair of gloves
Will    .....                   (no boots)
Stlth   +++++.....              (no amulet)
HPRegen 0.00/turn               f - ring of flight
MPRegen 0.12/turn               (no ring)

@: flying, bloodless, inhibited regen, invisible
A: bloodless, fangs 3, see invisible, vampiric 2
a: Bat Form, Revivify


You were on level 4 of the Dungeon.
You visited 1 branch of the dungeon, and saw 4 of its levels.

You collected 155 gold pieces.

Inventory:

Hand Weapons
 a - a +1 dagger (weapon)
Missiles
 k - a throwing net
Armour
 b - a +0 robe (worn)
 h - an orb of guile
 t - a +0 pair of gloves (worn)
Jewellery
 f - a ring of flight (left hand)
 i - a ring of fire
 o - an amulet of guardian spirit
 q - a ring of poison resistance
Scrolls
 d - a scroll of noise {unknown}
 e - a scroll of teleportation
 m - a scroll of poison
 n - a scroll of silence {unknown}
 r - a scroll of immolation {unknown}
Potions
 c - 2 potions of invisibility
 g - 2 potions of curing
 j - a potion of flight {unknown}
 l - a potion of cancellation {unknown}
 p - a potion of might {unknown}
 s - a potion of haste {unknown}
 u - 2 potions of berserk rage


   Skills:
 - Level 0.7 Fighting
 * Level 3.5 Short Blades
 - Level 3.0 Dodging
 - Level 5.0 Stealth
 * Level 3.5 Spellcasting
 + Level 5.5 Hexes


You had 3 spell levels left.
You knew the following spells:

 Your Spells              Type           Power      Damage    Failure   Level
a - Ensorcelled Hibernat  Hex/Ice        24%        N/A       9%          2
b - Confusing Touch       Hex            21%        N/A       5%          3
c - Tukima's Dance        Hex            21%        N/A       5%          3

Your spell library contained the following spells:

 Spells                   Type           Power      Damage    Failure   Level
 Dazzling Flash           Conj/Hex       24%        N/A       16%         3
 Frozen Ramparts          Ice            6%         1d2       45%         3
 Spider Form              Tmut/Pois      3%         N/A       45%         3
 Anguish                  Hex/Necr       6%         N/A       47%         4
 Ice Form                 Ice/Tmut       3%         N/A       86%         4
 Summon Ice Beast         Ice/Summ       3%         N/A       86%         4


Dungeon Overview and Level Annotations

Branches:
Dungeon (4/15)             Temple (0/1) D:4

Altars:
Fedhas
Qazlal

Annotations:
D:4 Eustachio


Innate Abilities, Weirdness & Mutations

You do not regenerate when monsters are visible.
You are frail without blood (-20% HP).
You can heal yourself when you bite living creatures.
You are immune to poison.
You have razor-sharp teeth.
You have supernaturally acute eyesight. (SInv)
You are afflicted with vampirism and can become a bat while bloodless.


Message History

Eustachio looks drowsy...
The river rat disappears in a puff of smoke!
The quokka disappears in a puff of smoke!
The rat barely misses you. The shadow imp hits you.
The helpless Eustachio fails to defend himself.
You bite Eustachio, and draw his blood!
You feel better.
You impale Eustachio!!
Eustachio is severely wounded.
Eustachio gestures wildly while chanting.
You barely miss Eustachio.
Eustachio is severely wounded.
The river rat bites you. The shadow imp hits you. The rat barely misses you.
Eustachio casts a spell.
Eustachio blinks!
Casting: Ensorcelled Hibernation (safe; 9% risk of failure)
Confirm with . or Enter, or press ? or * to list all spells.
The spell is quite dangerous to miscast (5% risk of failure)!
Continue anyway? [Y]es or [N]o only, please.
The spell is quite dangerous to miscast (5% risk of failure)!
Continue anyway?
Your hands begin to glow red.
The bat hits you but does no damage. The shadow imp barely misses you.
The river rat bites you! The rat bites you but does no damage.
You hit the rat but do no damage.
The rat appears confused.
The river rat bites you but does no damage.
The shadow imp hits you. The rat bites you but does no damage.
The rat misses you.
You hit the rat.
The rat is severely wounded.
The river rat barely misses you. The shadow imp hits you.
* * * LOW HITPOINT WARNING * * *
The rat closely misses you. The rat bites you.
* * * LOW HITPOINT WARNING * * *
The rat bites itself.
The rat is killed!
The rat's corpse disappears in a puff of smoke!
Eustachio gestures wildly while chanting.
You fade into invisibility!
The bat barely misses you. The iron imp spits at you.
The river rat bites you but does no damage.
The rat bites you.
You die...

##.#####.#..........†.......
#.# ###.#......############
#.# #......#.########## #
#.###.#.##.#.# #.....# #
#.....#.#..#.####.....# #
#######.#.............#####
#.#....>..)..........
#.#.##..##......#####
#.#.##..##......# #
###.#r##..##.###### #
#....5@#..##.# #
#...#r5#..##.##########
#####5b#...............
......###.##########
##..#####..........#
..@.#.........####.#
##b.#.#######.# #.. #..# #.#
#### #.# #... #.# #... #.#
#..)


You could see Eustachio (can't see you), 2 iron imps, a river rat (summoned,
can't see you), a shadow imp (summoned, can't see you), 2 bats and a rat
(summoned, can't see you).

Vanquished Creatures
  Menkaure (D:4)
  2 adders
  3 gnolls (D:3)
  A worm (D:3)
  2 dart slugs
  2 orcs (D:3)
  5 ball pythons
  9 endoplasms
  4 giant cockroaches
  9 hobgoblins
  4 jackals
  5 kobolds
  A quokka (D:2)
  2 bats (D:1)
  2 frilled lizards
  4 goblins
  8 rats
64 creatures vanquished.

Notes
Turn   | Place    | Note
-------+----------+-------------------------------------------
     0 | D:1      | om the Vampire Enchanter began the quest for the Orb.
     0 | D:1      | Reached XP level 1. HP: 13/13 MP: 3/3
   148 | D:1      | Reached XP level 2. HP: 10/19 MP: 5/5
   284 | D:1      | Learned a level 2 spell: Ensorcelled Hibernation
  1207 | D:1      | Gained mutation: You are afflicted with vampirism and can
                  | become a bat while bloodless. [Vampire growth]
  1207 | D:1      | Reached XP level 3. HP: 23/25 MP: 6/6
  2504 | D:3      | Learned a level 3 spell: Confusing Touch
  2757 | D:3      | Found a faded altar of an unknown god.
  2866 | D:3      | Reached XP level 4. HP: 24/24 MP: 4/7
  2886 | D:3      | Reached skill level 5 in Stealth
  3129 | D:3      | Reached skill level 5 in Hexes
  3316 | D:3      | Found a blossoming altar of Fedhas.
  3817 | D:3      | Found a stormy altar of Qazlal.
  3908 | D:4      | Found a staircase to the Ecumenical Temple.
  4155 | D:4      | Noticed Menkaure
  4341 | D:4      | Learned a level 3 spell: Tukima's Dance
  4418 | D:4      | Killed Menkaure
  4419 | D:4      | Reached XP level 5. HP: 14/28 MP: 6/10
  4528 | D:4      | Noticed Eustachio
  4540 | D:4      | Slain by a rat

Illustrated notes

Levels and vault maps discovered:
D:1:      dpeg_arrival_shelter, layout_rooms
D:2:      layout_rooms, minmay_close_crescents
D:3:      layout_loops_corners, lemuel_coloured_pillars_altar, fedhas_altar_1,
          shapermc_ecumenical_altar_mp_urbaneastern
D:4:      layout_basic, nicolae_sif_muna_little_library,
          minmay_temple_entry_waves, uniq_eustachio, uniq_menkaure,
          uniq_blork_the_orc

Skill      XL: |  1  2  3  4 |
---------------+-------------+-----
Dodging        | 3 |  3.0
Short Blades   | 2 3 |  3.5
Stealth        | 5 |  5.0
Hexes          | 5 |  5.5
Spellcasting   | 3 |  3.5
Fighting       | |  0.7

Action                   |  1- 3 |  4- 6 || total
-------------------------+-------+-------++-------
Melee: Dagger            |    96 |    32 ||   128
       Bite              |     4 |     3 ||     7
       Punch             |     1 |       ||     1
Throw: Throwing net      |     2 |       ||     2
 Cast: Ensorcelled Hiber |    21 |    15 ||    36
       Confusing Touch   |       |     2 ||     2
 Abil: Exsanguinate      |     1 |       ||     1
  Use: Scroll            |     5 |     1 ||     6
       Potion            |       |     1 ||     1
 Stab: Sleeping          |    30 |    13 ||    43
       Distracted        |     1 |       ||     1
       Confused          |       |     1 ||     1
Armor: Robe              |    12 |    10 ||    22
Dodge: Dodged            |    47 |    30 ||    77

Table legend: (Time is in decaauts)
 A = Elapsed time spent in this place.
 B = Non-inter-level travel time spent in this place.
 C = Inter-level travel time spent in this place.
 D = Time resting spent in this place.
 E = Time spent auto-exploring this place.
 F = Levels seen in this place.
 G = Mean time per level.
                   A        B        C        D        E       F      G
               +--------+--------+--------+--------+--------+-----+--------+
         Total |   4528 |   4345 |    183 |   1954 |   1615 |   4 | 1132.0 |
       Dungeon |   4528 |   4345 |    183 |   1954 |   1615 |   4 | 1132.0 |
               +--------+--------+--------+--------+--------+-----+--------+

Top non-repeatable levels by time:
     D:1: 1477 daAuts
     D:3: 1457 daAuts
     D:2: 1011 daAuts
     D:4: 581 daAuts
